 Dungeon Crawl Stone Soup version 0.31-a0-236-g9a0961fb85 (webtiles) character file.

Game seed: 13854910160678958137

23 qw the Shooter (level 2, 0/24 HPs)
             Began as a Minotaur Hexslinger on July 10, 2023.
             Slain by a hobgoblin (5 damage)
             ... led by Robin
             ... on level 2 of the Dungeon.
             The game lasted 00:00:16 (863 turns).

qw the Shooter (Minotaur Hexslinger)                 Turns: 863, Time: 00:00:17

Health: 0/24       AC:  2    Str: 12    XL:     2   Next: 72%
Magic:  2/2        EV: 12    Int: 10    God:
Gold:   49         SH:  0    Dex: 12    Spells: 2/3 levels left

rFire   . . .        Y - +1 sling
rCold   + . .        (no shield)
rNeg    . . .        c - +0 robe
rPois   .            (helmet restricted)
rElec   .            (no cloak)
rCorr   .            (no gloves)
SInv    .            (no boots)
Will    .....        (no amulet)
Stlth   +            d - ring of protection from cold
HPRegen 0.24/turn    (no ring)
MPRegen 0.08/turn

%: no passive effects
@: no status effects
A: horns 2, retaliatory headbutt
a: no special abilities


You were on level 2 of the Dungeon.
You visited 1 branch of the dungeon, and saw 2 of its levels.

You collected 49 gold pieces.


Innate Abilities, Weirdness & Mutations

You have a pair of horns on your head.
You reflexively headbutt those who attack you in melee.


   Skills:
 - Level 2.0 Fighting
 + Level 3.3 Ranged Weapons
 - Level 2.1 Dodging
 - Level 1.0 Spellcasting
 - Level 2.0 Hexes


You had 2 spell levels left.
You knew the following spells:

 Your Spells              Type           Power      Damage    Failure   Level
a - Slow                  Hex            16%        N/A       16%         1

Your spell library contained the following spells:

 Spells                   Type           Power      Damage    Failure   Level
 Inner Flame              Hex/Fire       2%         N/A       56%         3
 Portal Projectile        Hex/Tloc       4%         N/A       56%         3
 Cause Fear               Hex            2%         N/A       83%         4

Inventory:

Hand Weapons
 Y - a +1 sling (weapon)
Armour
 c - a +0 robe (worn)
Jewellery
 d - a ring of protection from cold (left hand)
Potions
 a - a potion of ambrosia {unknown}

Dungeon Overview and Level Annotations

Branches:
Dungeon (2/15)

Altars:

Annotations:
D:2 Robin


Message History

Robin of the Strong Arm comes into view.
They are wielding a +3 short sword.
The goblin shoots a sling bullet.
The sling bullet hits you.
A hobgoblin comes into view.
Robin moves out of view.
You hear a shout!
Your Fighting skill increases to level 2!
You shoot a sling bullet. The sling bullet hits the hobgoblin.
The hobgoblin is severely wounded.
You shoot a sling bullet. The sling bullet hits the hobgoblin.
You kill the hobgoblin!
The goblin closely misses you.
You shoot a sling bullet.
The sling bullet closely misses the goblin.
Robin roars a battlecry!
The goblins go into a battle-frenzy!
The goblin barely misses you. You furiously retaliate!
You headbutt the goblin.
You kill the goblin!
The goblin barely misses you. x2
You shoot a sling bullet. The sling bullet hits the goblin.
The goblin is heavily wounded.
The goblin hits you with a +0 dagger. The goblin hits you but does no damage.
The goblin barely misses you. You furiously retaliate!
You headbutt the goblin!
You kill the goblin!
The goblin hits you with a +0 dagger. The goblin barely misses you.
You shoot a sling bullet.
The sling bullet closely misses the goblin.
The sling bullet hits the goblin.
The goblin is severely wounded.
The goblin hits you with a +0 dagger. The goblin misses you.
You furiously retaliate!
You headbutt the goblin.
You kill the goblin!
You shoot a sling bullet. The sling bullet hits the goblin.
You kill the goblin!
The goblin hits you with a +0 dagger. The goblin completely misses you.
Robin says, "Feeling lonely?"
The frilled lizard bites you.
You shoot a sling bullet.
The sling bullet barely misses the goblin.
The hobgoblin hits you.
You die...

#.#.# #.....# #.#.##
#.....# # #.#..##
#.....#
#.#.##).###.....#
#.............#.#
#.##.##.###...#.#.##
#.##.# #...#.#...
#.####.##..##...#.####
#$..g@g###..#.........
......gl#####....##.####
......ggg...........#
....)g..........#####
................#
....?...........#
................# ###
.#######........# #..
......#.######.#


You could see Robin, a hobgoblin (strong), 5 goblins and a frilled lizard.

Vanquished Creatures
  2 bats (D:1)
  A giant cockroach (D:1)
  5 goblins (D:2)
  4 hobgoblins
  A kobold (D:1)
  A quokka (D:1)
  2 frilled lizards
  4 rats
20 creatures vanquished.

Notes
Turn   | Place    | Note
-------+----------+-------------------------------------------
     0 | D:1      | qw the Minotaur Hexslinger began the quest for the Orb.
     0 | D:1      | Reached XP level 1. HP: 16/16 MP: 1/1
     0 | D:1      | 0 ||| qw: Version: 0.3-a-52-g30416fa
     0 | D:1      | 0 ||| qw: Game counter: 4741
     0 | D:1      | 0 ||| qw: Melee chars always use a shield: true
     0 | D:1      | 0 ||| qw: God list: Okawaru
     0 | D:1      | 0 ||| qw: Allow faded altars: false
     0 | D:1      | 0 ||| qw: Do Orc after clearing Dungeon:15 true
     0 | D:1      | 0 ||| qw: Do second Lair branch before Depths: true
     0 | D:1      | 0 ||| qw: Lair rune preference: random
     0 | D:1      | 0 ||| qw: Goals: Normal
     0 | D:1      | 0 ||| PLANNING D:1-11
   195 | D:1      | Found a faded altar of an unknown god.
   211 | D:1      | Reached skill level 3 in Ranged Weapons
   211 | D:1      | Reached XP level 2. HP: 23/23 MP: 2/2
   632 | D:1      | 632 ||| UPGRADING to ring of protection from cold.
   633 | D:1      | 633 ||| DROPPING ring of wizardry.
   634 | D:1      | 634 ||| READING 2 scrolls labelled OSOANACK VAXZASIUZ.
   635 | D:1      | 635 ||| READING scroll labelled KEMMUU UMUGG.
   638 | D:1      | 638 ||| READING scroll labelled HASENK VAOTIU.
   639 | D:1      | 639 ||| READING scroll labelled BIDOM KUTY.
   640 | D:1      | 640 ||| DROPPING scroll of fear.
   641 | D:1      | 641 ||| DROPPING scroll of poison.
   856 | D:2      | Noticed Robin
   862 | D:2      | HP: 6/24 [goblin/+0 dagger[Robin] (5)]
   863 | D:2      | Slain by a hobgoblin

Levels and vault maps discovered:
D:1:      nzn_arrival_water_spiral, layout_basic, basic_ecumenical_altar
D:2:      layout_basic, uniq_robin

Skill      XL: |  1  2 |
---------------+-------+-----
Ranged Weapons | 3 |  3.3
Fighting       | 2 |  2.0
Dodging        | |  2.1
Spellcasting   | |  1.0
Hexes          | |  2.0

Action                     || total
---------------------------++-------
   Fire: Sling             ||    52
    Use: Scroll            ||     4
 Armour: Robe              ||     3
  Dodge: Dodged            ||    20

Table legend:
 A = Non-vault XP
 B = Vault XP
 C = Vault XP percentage of total XP
 D = Non-vault monster count
 E = Vault monster count
 F = Vault count percentage of total count
                 A         B        C        D         E       F
            +---------+---------+-------+---------+---------+-------
      Total |      21 |      12 |  36.4 |      14 |       6 |  30.0
            +---------+---------+-------+---------+---------+-------
        D:1 |      17 |       0 |   0.0 |      11 |       0 |   0.0
        D:2 |       4 |      12 |  75.0 |       3 |       6 |  66.7
            +---------+---------+-------+---------+---------+-------
